 Dungeon Crawl Stone Soup version 0.16.2-2-g470672f (webtiles) character file.

73 underdog the Grave Robber (level 4, -5/31 HPs)
             Began as a Human Necromancer on Sept 3, 2015.
             Slain by a gnoll
             ... wielding a +0 halberd of chopping
              (16 damage)
             ... on level 3 of the Dungeon.
             The game lasted 00:18:02 (2896 turns).

underdog the Grave Robber (Human Necromancer)       Turns: 2896, Time: 00:18:02

Health: -5/31      AC:  4    Str: 10    XL:     4   Next: 51%
Magic:  8/8        EV: 12    Int: 11    God:
Gold:   32         SH:  0    Dex: 13    Spells: 2 memorised, 6 levels left

rFire  + . .     SeeInvis .     h - +0 dagger (holy)
rCold  . . .     Clarity  .     o - +0 leather armour (curse)
rNeg   . . .     SustAb   .     (no shield)
rPois  .         Gourm    .     i - +0 helmet
rElec  .         Spirit   .     (no cloak)
rCorr  .         Warding  .     (no gloves)
rMut   .         Stasis   .     (no boots)
MR     .....                    (no amulet)
Stlth  ++........               j - ring of protection from fire
                                k - -4 ring of intelligence (curse)

@: not resistant to hostile enchantments, unstealthy
A: no striking features
a: no special abilities


You were on level 3 of the Dungeon.
You were not hungry.

You visited 1 branch of the dungeon, and saw 4 of its levels.

You collected 32 gold pieces.

Inventory:

Hand weapons
 h - a +0 dagger of holy wrath (weapon)
 n - a +0 flail
Armour
 a - a +0 robe
 i - a +0 helmet (worn)
 o - a cursed +0 leather armour (worn)
Jewellery
 j - a ring of protection from fire (right hand)
 k - a cursed -4 ring of intelligence (left hand)
 l - an uncursed ring of protection from magic
 p - a cursed ring of loudness {unknown}
Scrolls
 d - 2 scrolls of recharging
Potions
 e - a potion of curing
 m - a potion of resistance
Books
 b - a book of Necromancy

   Spells                             Type                      Level
   a - Pain                           Necromancy                   1
   b - Animate Skeleton               Necromancy                   1
   c - Vampiric Draining              Necromancy                   3
   d - Regeneration                   Charms/Necromancy            3
   e - Animate Dead                   Necromancy                   4
   f - Control Undead                 Necromancy                   4
Comestibles
 c - a bread ration
 f - 2 fruits
 g - 2 meat rations


   Skills:
 + Level 0.4 Fighting
 + Level 0.4 Maces & Flails
 + Level 2.4 Dodging
 + Level 2.4 Stealth
 + Level 2.7 Spellcasting
 + Level 4.6 Necromancy


You had 6 spell levels left.
You knew the following spells:

 Your Spells              Type           Power        Failure   Level  Hunger
a - Pain                  Necr           ##..         8%          1    #......
b - Animate Skeleton      Necr           N/A          8%          1    #......


Dungeon Overview and Level Annotations

Branches:
Dungeon (4/15)
 Temple: D:4-7

Altars:
Cheibriados


Message History

The gnoll hits you from afar with a halberd of chopping!
You continue putting on your runed leather armour. x2
The gnoll closely misses you.
You finish putting on your cursed +0 leather armour.
Oops, that feels deathly cold.
There is an open door here.
There is a stone staircase leading down here.
The gnoll hits you but does no damage.
You climb downwards.
A bat, a quokka, 3 jackals and a worker ant come into view.
The worker ant twitches its antennae in your direction.
Found a trident.
There is a stone staircase leading up here.
You can't go down here!
The jackal barks! x3
The jackal bites you but does no damage.
You climb upwards.
The gnoll hits you with a halberd of chopping!
Ouch! That really hurt!
You die...

# ....# .....# #.....#
#.....#### #........#
#........#
###.......g#############
...........@'...........#
..######....###########.#
S......[....'....gg...#.#
#..#####....#########.#.#
#$# #.....'.......#.#.# ..
#.....#######.#...# #.#
#...........#.#####
#####..##........#..g.#
.........#........#......#


You could see a gnoll.

Vanquished Creatures
  4 adders
  A gnoll (D:3)
  A giant gecko (D:2)
  A bat skeleton (D:3)
  A giant cockroach (D:3)
  2 goblins
  5 hobgoblins
  6 bats
  2 giant newts
  5 kobolds
  A quokka (D:3)
29 creatures vanquished.

Vanquished Creatures (collateral kills)
  A giant cockroach (D:3)
  A goblin (D:3)
2 creatures vanquished.

Vanquished Creatures (others)
  An adder skeleton (D:3)
  A goblin skeleton (D:3)
2 creatures vanquished.

Grand Total: 33 creatures vanquished

Notes
Turn   | Place    | Note
--------------------------------------------------------------
     0 | D:1      | underdog, the Human Necromancer, began the quest for the Orb.
     0 | D:1      | Reached XP level 1. HP: 13/13 MP: 3/3
   715 | D:1      | Reached XP level 2. HP: 14/19 MP: 2/4
  1039 | D:1      | Learned a level 1 spell: Animate Skeleton
  1631 | D:2      | Found a snail-covered altar of Cheibriados.
  1700 | D:2      | Reached XP level 3. HP: 15/24 MP: 1/6
  2426 | D:3      | Reached XP level 4. HP: 20/30 MP: 8/8
  2896 | D:3      | Slain by a gnoll

Action                   |  1- 3 |  4- 6 || total
-------------------------+-------+-------++-------
Melee: Unarmed           |     2 |       ||     2
       Dagger            |     9 |     6 ||    15
       Flail             |    23 |    10 ||    33
 Cast: Pain              |    34 |    11 ||    45
       Animate Skeleton  |     5 |     2 ||     7
  Use: Scroll            |     4 |       ||     4
       Potion            |     1 |     4 ||     5
 Stab: Sleeping          |     2 |       ||     2
  Eat: Bread ration      |     2 |       ||     2
